 Dungeon Crawl Stone Soup version 0.29.1-2-gbd0b4ee654 (webtiles) character file.

Game seed: 7206878097991998332

409 hawla the Frost Mage (level 7, -1/50 HPs)
             Began as a Meteoran Ice Elementalist on Oct 26, 2022.
             Slain by Blork the orc
             ... wielding a +0 dire flail
              (4 damage)
             ... on level 5 of the Dungeon.
             The game lasted 00:09:14 (2342 turns).

hawla the Frost Mage (Meteoran Ice Elementalist)    Turns: 2342, Time: 00:09:15

Health: -1/50      AC:  5    Str: 10    XL:     7   Next: 36%
Magic:  14/14      EV: 12    Int: 19    God:
Gold:   257        SH:  0    Dex: 14    Spells: 6/14 levels left

rFire   . . .      SeeInvis .   (no weapon)
rCold   . . .      Faith    .   (no shield)
rNeg    . . .      Spirit   .   a - +1 robe
rPois   .          Reflect  .   (no helmet)
rElec   .          Harm     .   g - +0 cloak
rCorr   .          Rampage  .   (no gloves)
Will    .....                   d - +0 pair of boots
Stlth   +.........              (no amulet)
HPRegen 0.16/turn               (no ring)
MPRegen 0.14/turn               (no ring)

@: brilliant, glowing, unable to read
A: sense surroundings 1, otherworldly, glowing, explore regen, inability to read
after injury 1
a: no special abilities


You were on level 5 of the Dungeon.
You visited 1 branch of the dungeon, and saw 5 of its levels.

You collected 257 gold pieces.

Inventory:

Armour
 a - a +1 robe (worn)
 d - a +0 pair of boots (worn)
 g - a +0 cloak (worn)
Scrolls
 f - a scroll of enchant weapon
Potions
 b - a potion of magic
 c - 2 potions of curing


   Skills:
 - Level 0.2 Fighting
 - Level 2.6 Dodging
 - Level 1.4 Stealth
 - Level 4.0 Spellcasting
 + Level 0.6 Conjurations
 + Level 8.2 Ice Magic


You had 6 spell levels left.
You knew the following spells:

 Your Spells              Type           Power      Damage    Failure   Level
a - Freeze                Ice            100%       1d11      1%          1
b - Frozen Ramparts       Ice            100%       1d16      1%          3
c - Hailstorm             Conj/Ice       30%        3d8       22%         4

Your spell library contained the following spells:

 Spells                   Type           Power      Damage    Failure   Level
 Ozocubu's Armour         Ice            51%        N/A       1%          3
 Summon Small Mammal      Summ           20%        N/A       14%         1
 Call Canine Familiar     Summ           5%         N/A       38%         3
 Summon Guardian Golem    Hex/Summ       5%         N/A       38%         3


Dungeon Overview and Level Annotations

Branches:
Dungeon (5/15) Zot: 626
 Temple: D:4-7

Altars:
Qazlal

Annotations:
D:5 Blork the orc, Sigmund


Innate Abilities, Weirdness & Mutations

You passively map a small area around you.
You are easily found by Zot.
You glow in the dark.
You regain HP and MP as you explore.
You occasionally lose the ability to read scrolls when taking damage.


Message History

Sigmund the Dreaded comes into view.
He is wielding a +0 scythe and wearing a +2 robe of willpower.
The grasping roots release their grip on you.
As you read the scroll labelled EHUM MUKOFA, it crumbles to dust.
You hear a loud clanging noise!
It was a scroll of noise.
Blork the orc resists.
The wall freezes Blork the orc.
Blork the orc barely misses you.
You are confused.
You feel invigorated.
Blork the orc resists.
The wall freezes Blork the orc.
Blork the orc zaps a wand.
The roots erupt in riotous growth!
The grasping roots grab you!
Blork the orc is unaffected.
The grasping roots constrict you.
* * * LOW HITPOINT WARNING * * *
Blork the orc resists.
The wall freezes Blork the orc.
Blork the orc barely misses you. The grasping roots constrict you.
* * * LOW HITPOINT WARNING * * *
Sigmund screams, "I am the angel of ZOT!!!"
It was a potion of brilliance.
You feel clever all of a sudden.
The frozen ramparts melt away.
Blork the orc points at you and mumbles some strange words.
The puff of frost hits you!
You feel threatened and lose the ability to read scrolls!
* * * LOW HITPOINT WARNING * * *
The grasping roots constrict you.
* * * LOW HITPOINT WARNING * * *
Sigmund hits you from afar with a +0 scythe.
* * * LOW HITPOINT WARNING * * *
You feel better.
You feel less invigorated.
An adder comes into view.
Blork the orc points at you and mumbles some strange words.
The puff of flame hits you!
* * * LOW HITPOINT WARNING * * *
The grasping roots constrict you.
* * * LOW HITPOINT WARNING * * *
Blork the orc closely misses you. The grasping roots constrict you.
* * * LOW HITPOINT WARNING * * *
The grasping roots release their grip on you.
Blork the orc attacks as you move away!
Blork the orc hits you with a +0 dire flail.
You die...

, * ## * *, ... , ,.>##
* # #####...# #.
#...... , , ..#
#.##.... ,, #.##
#....S#####$. ...#
**#@..o......, #..#
##..@####.# ##..###
###....# #...##.....##
#......# #............
#.#....# , *#.......
#.##...# * #.......
#.##...# #<......
#.#....####..# ##......
#............#######...
#.#.#..###.)..........<


You could see Blork the orc (fast), Sigmund and an adder.

Vanquished Creatures
  A black bear (D:4)
  A scorpion (D:4)
  A hound (D:3)
  A jelly (D:5)
  2 iguanas
  4 gnolls (D:2)
  6 adders
  A white imp (D:4)
  2 worms
  A dart slug (D:3)
  4 orcs (D:4)
  3 ball pythons
  3 endoplasms
  2 giant cockroaches (D:1)
  4 hobgoblins
  4 quokkas
  4 bats
  3 frilled lizards
  5 goblins
  5 kobolds
  2 rats
  A spectral kobold (D:2)
60 creatures vanquished.

Vanquished Creatures (others)
  An orc (D:5)
  A quokka (D:5)
2 creatures vanquished.

Grand Total: 62 creatures vanquished

Notes
Turn   | Place    | Note
-------+----------+-------------------------------------------
     0 | D:1      | hawla the Meteoran Ice Elementalist began the quest for the
                  | Orb.
     0 | D:1      | Reached XP level 1. HP: 14/14 MP: 5/5
   146 | D:1      | Reached XP level 2. HP: 20/20 MP: 4/6
   500 | D:1      | Glimpsed the power of Zot.
   550 | D:1      | Glimpsed the power of Zot.
   673 | D:2      | Reached skill level 5 in Ice Magic
   673 | D:2      | Reached XP level 3. HP: 21/26 MP: 3/8
   677 | D:2      | Learned a level 3 spell: Frozen Ramparts
   857 | D:2      | Found a stormy altar of Qazlal.
   871 | D:2      | Reached XP level 4. HP: 13/33 MP: 5/10
   932 | D:2      | Found a faded altar of an unknown god.
   954 | D:2      | Reached XP level 5. HP: 37/37 MP: 6/12
  1027 | D:2      | Learned a level 4 spell: Hailstorm
  1095 | D:2      | Glimpsed the power of Zot.
  1143 | D:2      | Glimpsed the power of Zot.
  1316 | D:3      | Reached skill level 6 in Ice Magic
  1693 | D:3      | Glimpsed the power of Zot.
  1805 | D:4      | Reached XP level 6. HP: 45/45 MP: 9/13
  1850 | D:4      | Reached skill level 7 in Ice Magic
  1905 | D:4      | Gained mutation: You occasionally lose the ability to read
                  | scrolls when taking damage. [potion of mutation]
  1947 | D:4      | Noticed a black bear
  1955 | D:4      | Killed a black bear
  1956 | D:4      | Reached XP level 7. HP: 45/50 MP: 4/14
  2243 | D:5      | Entered Level 5 of the Dungeon
  2274 | D:5      | Reached skill level 8 in Ice Magic
  2329 | D:5      | Noticed Blork the orc
  2337 | D:5      | Noticed Sigmund
  2340 | D:5      | HP: 2/50 [Sigmund/+0 scythe (1)]
  2342 | D:5      | Slain by Blork the orc

Illustrated notes

Levels and vault maps discovered:
D:1:      mrwooster_arrival_statue_3, layout_basic
D:2:      layout_loops_ring, dreamdust_ecumenical_altar_drowned_temple,
          basic_altar, mrwooster_statue_mirror
D:3:      layout_loops_cross
D:4:      layout_basic, kennysheep_boxes
D:5:      layout_loops_ring, elyvilon_altar_4, lemuel_doored_altar,
          minmay_fountain_box, uniq_sigmund, uniq_blork_the_orc

Skill      XL: |  1  2  3  4  5  6  7 |
---------------+----------------------+-----
Spellcasting   | 3 4 |  4.0
Ice Magic      | 5 6 7 8 |  8.2
Fighting       | |  0.2
Dodging        | |  2.6
Stealth        | |  1.4
Conjurations   | |  0.6

Action                   |  1- 3 |  4- 6 |  7- 9 || total
-------------------------+-------+-------+-------++-------
Melee: Unarmed           |     6 |    31 |     7 ||    44
 Cast: Freeze            |    21 |    11 |     6 ||    38
       Frozen Ramparts   |     6 |    21 |     4 ||    31
       Hailstorm         |       |     2 |     1 ||     3
  Use: Scroll            |     3 |     7 |     5 ||    15
       Potion            |       |     5 |     3 ||     8
Armor: Robe              |     8 |    21 |     3 ||    32
Dodge: Dodged            |     9 |    32 |    11 ||    52
